 Dungeon Crawl Stone Soup version 0.24-a0-639-gb70a11d811 (webtiles) character file.

Game seed: 14764103576060937490, levelgen mode: deterministic

0 Gargoyl the Skirmisher (level 1, -5/19 HPs)
             Began as a Centaur Abyssal Knight on Sept 21, 2019.
             Was a Follower of Lugonu.
             Slain by a small abomination (17 damage)
             ... on level 1 of the Abyss.
             The game lasted 00:00:44 (141 turns).

Gargoyl the Skirmisher (Centaur Abyssal Knight)      Turns: 141, Time: 00:00:45

Health: -5/19      AC:  5    Str: 14    XL:     1   Next: 0%
Magic:  2/2        EV:  9    Int: 11    God:    Lugonu [*.....]
Gold:   32         SH:  0    Dex:  8    Spells: 0/0 levels left

rFire    . . .     SeeInvis .   a - +1 hand axe
rCold    . . .     Gourm    .   (no shield)
rNeg     . . .     Faith    .   b - +1 leather armour
rPois    .         Spirit   .   (no helmet)
rElec    .         Reflect  .   (no cloak)
rCorr    .         Harm     .   (no gloves)
MR       .....                  (no barding)
Stlth    ..........             (no amulet)
HPRegen  0.06/turn              (no ring)
MPRegen  0.08/turn              (no ring)

@: very quick
A: large, hooves 3, deformed body, speed 2, tough skin 3
a: Depart the Abyss, Renounce Religion


You were on level 1 of the Abyss.
You worshipped Lugonu.
Lugonu was aware of your devotion.
You were not hungry.

You visited 0 branches of the dungeon, and saw 0 of its levels.
You visited the Abyss 1 time.

You collected 32 gold pieces.

Inventory:

Hand Weapons
 a - a +1 hand axe (weapon)
Armour
 b - a +1 leather armour (worn)
Scrolls
 d - a scroll of identify {unknown}
Comestibles
 c - 2 rations


   Skills:
 + Level 3.0 Fighting
 + Level 1.7 Axes
 + Level 1.3 Armour
 + Level 0.6 Dodging
 + Level 2.0 Invocations


You couldn't memorise any spells.
You didn't know any spells.
Your spell library was empty.

Dungeon Overview and Level Annotations

Branches:
Dungeon (0/15)

Altars:


Innate Abilities, Weirdness & Mutations

You have hooves in place of feet.
Armour fits poorly on your strangely shaped body.
You cover ground very quickly.
You have extremely tough skin. (AC +3)


Message History

Tentacles burst from the starspawn's body!
A large abomination comes into view. 2 starspawn tentacles come into view.
You see here a ration.
The starspawn tentacle grabs you. The starspawn tentacle constricts you.
The starspawn tentacle's grasp on you weakens, but your attempt to escape fails.
The starspawn tentacle loses its grip on you.
The tentacle pulls you backwards! The starspawn tentacle grabs you.
The starspawn tentacle constricts you.
A starspawn tentacle segment comes into view.
You escape the starspawn tentacle's grasp.
A tentacle flies out from the starspawn's body!
The large abomination hits you.
A starspawn tentacle comes into view.
Found a scroll labeled KYEGHEU KOSELISK.
You see here a scroll labeled KYEGHEU KOSELISK.
d - a scroll labeled KYEGHEU KOSELISK The small abomination hits you!
Ouch! That really hurt!
You die...

.....#.##X..%.
## #..X.#.. .
##.##..#.# ...
#....#.#.##.X.
#. ...##.#..#
###.### #..#.
#. ##...# ..##
# #..#..###
#§# #.#
#..§x@.# ..
#.. #.§..#§#
#. #.# #.#§#
## # # ## # #


You could see a tentacled starspawn and a small abomination.

Vanquished Creatures (others)
  3 starspawn tentacles (Abyss:1)
3 creatures vanquished.

Notes
Turn   | Place    | Note
-------+----------+-------------------------------------------
     0 | Abyss:1  | Gargoyl the Centaur Abyssal Knight began the quest for the
                  | Orb.
     0 | Abyss:1  | Reached XP level 1. HP: 19/19 MP: 2/2
   107 | Abyss:1  | Noticed a tentacled starspawn
   108 | Abyss:1  | Noticed a tentacled starspawn
   121 | Abyss:1  | Noticed a large abomination
   123 | Abyss:1  | Noticed a tentacled starspawn
   125 | Abyss:1  | Noticed a large abomination
   138 | Abyss:1  | Noticed a small abomination
   141 | Abyss:1  | Slain by a small abomination

Levels and vault maps discovered:
Abyss:1

Action                   || total
-------------------------++-------
  Use: Scroll            ||     1

Table legend:
 A = Non-vault XP
 B = Vault XP
 C = Vault XP percentage of total XP
 D = Non-vault monster count
 E = Vault monster count
 F = Vault count percentage of total count
                 A         B        C        D         E       F
            +---------+---------+-------+---------+---------+-------
      Total |       0 |       0 |   N/A |       0 |       0 |  -nan
            +---------+---------+-------+---------+---------+-------
            +---------+---------+-------+---------+---------+-------
